 Seeded DCSS version 0.28-a0-1567-g1695149f81 (webtiles) character file.

Game seed: 1450 (custom seed)

76 knot the Chopper (level 4, 28/35 HPs)
             Began as a Demonspawn Berserker on Jan 19, 2022.
             Was a Follower of Trog.
             Quit the game on level 3 of the Dungeon.
             The game lasted 00:01:35 (2733 turns).

knot the Chopper (Demonspawn Berserker)             Turns: 2733, Time: 00:01:36

Health: 28/35      AC:  3    Str: 17    XL:     4   Next: 12%
Magic:  4/4        EV: 12    Int: 10    God:    Trog [*.....]
Gold:   187        SH:  4    Dex: 13    Spells: 3/3 levels left

rFire   . . .      SeeInvis +   r - +0 war axe
rCold   . . .      Faith    .   (no shield)
rNeg    . . .      Spirit   .   b - +0 animal skin
rPois   .          Reflect  .   (no helmet)
rElec   .          Harm     .   (no cloak)
rCorr   .          Rampage  .   s - +0 pair of gloves
Will    .....                   (no boots)
Stlth   +.........              (no amulet)
HPRegen 0.11/turn               i - ring of see invisible
MPRegen 0.09/turn               (no ring)

@: no status effects
A: condensation shield, demonic touch 1
a: Renounce Religion, Berserk


You were on level 3 of the Dungeon.
You worshipped Trog.
Trog was aware of your devotion.
You visited 1 branch of the dungeon, and saw 3 of its levels.

You collected 187 gold pieces.

Inventory:

Hand Weapons
 r - a +0 war axe (weapon)
Missiles
 d - a stone (quivered)
 f - 3 poisoned darts
 j - 65 sling bullets
Armour
 b - a +0 animal skin (worn)
 s - a +0 pair of gloves (worn)
Jewellery
 i - a ring of see invisible (left hand)
Scrolls
 a - a scroll of noise {unknown}
 e - a scroll of blinking {unknown}
 h - a scroll of fear {unknown}
 k - a scroll of identify {unknown}
 p - a scroll of summoning {unknown}
Potions
 c - a potion of ambrosia {unknown}
 g - 2 potions of might {unknown}
 l - a potion of lignification {unknown}
 m - a potion of invisibility {unknown}
 n - a potion of magic {unknown}
 o - a potion of brilliance {unknown}
 q - a potion of heal wounds {unknown}


   Skills:
 - Level 3.0 Fighting
 + Level 4.5 Axes
 - Level 1.7 Armour
 - Level 1.7 Dodging


You had 3 spell levels left.
You didn't know any spells.
Your spell library contained the following spells:

 Spells                   Type           Power      Damage    Failure   Level
 Confusing Touch          Hex            0%         N/A       75%         3
 Conjure Flame            Conj/Fire      0%         6-21      75%         3
 Ignite Poison            Fire/Tmut/Pois 0%         N/A       75%         3
 Sticky Flame             Conj/Fire      0%         2d3       98%         4
 Yara's Violent Unravell  Hex/Tmut       0%         3d3       100%        5
 Enfeeble                 Hex            0%         N/A       100%        7


Dungeon Overview and Level Annotations

Branches:
Dungeon (3/15)

Altars:


Innate Abilities, Weirdness & Mutations

A meltable shield of frost defends you. (SH +4)
Your touch may inflict minor irresistible damage on your foes.


Message History

No target in view!
A ball python comes into view.
Found 15 gold pieces.
The ball python hisses angrily.
The ball python moves out of view.
No target in view!
A ball python is nearby!
A goblin comes into view. It is wielding a +0 club.
The goblin shouts!
The ball python barely misses you. The ball python grabs you.
The ball python constricts you.
The goblin moves out of view.
You hit the ball python.
You touch the ball python.
You kill the ball python!
Trog accepts your kill.
No target in view!
An adder comes into view.
The adder hisses angrily.
A ball python comes into view.
There are monsters nearby!
You barely miss the goblin.
You touch the goblin.
The goblin is severely wounded.
The goblin hits you with a +0 club.
You slash the goblin!
You kill the goblin!
Trog accepts your kill. The adder closely misses you.
There are monsters nearby!
You closely miss the adder. Your touch misses the adder.
The ball python hisses angrily.
The adder bites you. The adder closely misses you.
You slash the adder!
The adder is almost dead.
The adder bites you.
You miss the adder.
You touch the adder.
You kill the adder!
Trog accepts your kill.
You have reached level 4!
You feel agile.
Your demonic ancestry asserts itself...
Frost condenses into a shield before you.
Are you sure you want to abandon this character and quit the game? (Confirm with "yes".)

#... ... .#.. ###
.. .... #.# .##
#..# #.# ##.. ..#
###.####.+####.+##
#................#
###.####....S....#
#.# #....@..$.#
#)# ######)......
#.# ....... #.#
.....## #.# .....#
#.# .....# #.#
.....# #.# .....#
#.#


You could see a ball python.

Vanquished Creatures
  3 adders
  A worm (D:2)
  A dart slug (D:2)
  An endoplasm (D:1)
  3 giant cockroaches
  2 goblins
  3 hobgoblins
  11 jackals (D:1)
  A kobold (D:1)
  A quokka (D:2)
  4 ball pythons
  4 bats
  A frilled lizard (D:2)
  5 rats
41 creatures vanquished.

Vanquished Creatures (others)
  4 fungi (D:1)
  5 toadstools (D:1)
9 creatures vanquished.

Grand Total: 50 creatures vanquished

Notes
Turn   | Place    | Note
-------+----------+-------------------------------------------
     0 | D:1      | knot the Demonspawn Berserker began the quest for the Orb.
     0 | D:1      | Reached XP level 1. HP: 18/18 MP: 1/1
   243 | D:1      | Reached skill level 3 in Axes
   628 | D:1      | Gained mutation: Your touch may inflict minor irresistible
                  | damage on your foes. [demonic ancestry]
   628 | D:1      | Reached XP level 2. HP: 24/24 MP: 2/2
   648 | D:1      | HP: 1/24 [jackal (3)]
  1387 | D:2      | Reached XP level 3. HP: 29/29 MP: 3/3
  1818 | D:2      | Reached skill level 4 in Axes
  2720 | D:3      | Found a faded altar of an unknown god.
  2733 | D:3      | Gained mutation: A meltable shield of frost defends you.
                  | (SH +4) [demonic ancestry]
  2733 | D:3      | Reached XP level 4. HP: 28/35 MP: 4/4
  2733 | D:3      | Quit the game

Illustrated notes

Levels and vault maps discovered:
D:1:      giann_bridges, layout_loops_ring, chequers_garden, minmay_hedge_maze,
          minmay_gold_behind_fungi
D:2:      layout_loops_cross, minmay_misc_feat_five, minmay_tromino_v4_a
D:3:      layout_basic, nicolae_ecumenical_snake_handling, uniq_grinder

Skill      XL: |  1  2  3 |
---------------+----------+-----
Axes           | 3 4 |  4.5
Fighting       | |  3.0
Armour         | |  1.7
Dodging        | |  1.7

Action                   |  1- 3 |  4- 6 || total
-------------------------+-------+-------++-------
Melee: Hand axe          |    81 |       ||    81
       Touch             |    11 |       ||    11
       War axe           |    15 |       ||    15
Invok: Berserk           |     3 |       ||     3
Armor: Animal skin       |    14 |       ||    14
Dodge: Dodged            |    63 |       ||    63

Table legend: (Time is in decaauts)
 A = Elapsed time spent in this place.
 B = Non-inter-level travel time spent in this place.
 C = Inter-level travel time spent in this place.
 D = Time resting spent in this place.
 E = Time spent auto-exploring this place.
 F = Levels seen in this place.
 G = Mean time per level.
                   A        B        C        D        E       F      G
               +--------+--------+--------+--------+--------+-----+--------+
         Total |   2775 |   2734 |     41 |   1246 |   1217 |   3 |  925.0 |
       Dungeon |   2775 |   2734 |     41 |   1246 |   1217 |   3 |  925.0 |
               +--------+--------+--------+--------+--------+-----+--------+

Top non-repeatable levels by time:
     D:1: 1406 daAuts
     D:2: 1329 daAuts
     D:3: 40 daAuts
